Ban, chaotic female elven Wizard ---- ---- --- - |..| |..---.-- ..-- --..| |...|...| -...|--- |<..-- ---.....| |....|..--- ---....| |....-| -..%.....--- |...--.--- ---...| |..%...G@.*----|..--|...| ---.| ---- |-.....a......--.-- ---.--- |.| --..| |.........ff.....| |...| |.| |...---- --........--..---- ---.-----.-----.|...|.- ---..([.----.| |.............|--....| |....... .| |.......------- |....| ---.@.. -.- --......--- --..-- -... --.......| ---- .. |........| -.......| - |-......| |.--..--..-- |...---|..| --.-- --- --- Ban the Conjurer Experience level: 4 Strength: 11 Dexterity: 16 Constitution: 13 Intelligence: 20 Wisdom: 9 Charisma: 10 Health: 0(29) Energy: 24(41) Def: 13 Gold: 287 Moves: 4337 Dungeon seed: Dd1JYTIYlnI5AW4f Game ID: Ban_1514494136 Your Inventory: Coins $ - 287 gold pieces Weapons a - a blessed +1 quarterstaff (weapon in hands) Armor e - an uncursed +0 cloak of magic resistance (being worn) n - an uncursed +0 orcish helm (being worn) q - an uncursed +0 pair of iron shoes (being worn) r - a cursed -2 pair of iron shoes of searching y - an uncursed +0 elven mithril-coat (being worn) Y - an uncursed +0 pair of iron shoes Comestibles F - 2 uncursed tripe rations L - an uncursed food ration Z - an uncursed tin of goblin meat Scrolls h - an uncursed scroll of teleportation Potions f - a potion of holy water Wands b - an uncursed wand of striking (0:2) K - an uncursed wand of striking (0:4) W - an uncursed wand of secret door detection (0:10) Tools c - an uncursed leash d - an uncursed towel g - an uncursed towel A - an uncursed expensive camera (0:47) O - an uncursed oil lamp (lit) (0:1076) Spells and supernatural/magical abilities: Spells marked with '*' are forgotten. Spells marked with '!' are maintained. Spells marked with '#' are aliased with 'castalias'. Name Level Category Fail Memory a - force bolt 1 attack 3% 95% h - healing 1 healing 3% 98% m - magic missile 2 attack 0% 94% z - sleep 1 enchantment 3% 95% H - speed monster 3 escape 87% 95% W - pray for help -- divine ? -- Your skills at the end: Fighting Skills wands [Basic] Weapon Skills quarterstaff [Basic] Spellcasting Skills attack spells [Basic] enchantment spells [Basic] Final Attributes: You were sleep resistant. You were magic resistant. You saw invisible. You had infravision. You were protected. You last prayed 204 turns ago. You are dead. Vanquished creatures: a valkyrie a giant spider a dwarf lord 2 soldier ants 2 water nymphs 5 gnome lords 4 gnomish wizards 2 gray oozes a floating eye 9 dwarves a kobold lord 2 rothes a centipede a giant bat 5 monkeys 2 iguanas 2 acid blobs a gas spore 2 hobbits 3 manes a hobgoblin 6 giant rats 3 cave spiders a brown mold a yellow mold a green mold 24 gnomes 19 garter snakes a gnome zombie 9 jackals a goblin a sewer rat 4 grid bugs 2 lichens 3 newts 125 creatures vanquished. Voluntary challenges: You used a wielded weapon 17 times, starting on turn 323. You read items or engraved 117 times, starting on turn 217. You never genocided any monsters. You never polymorphed an object. You never changed form. You used no wishes. You never split a pudding. You wrote Elbereth's name 93 times, starting on turn 1278. You never violated your personal moral code. Dungeon overview: The Dungeons of Doom: levels 1 to 4 Level 1 a vault a long staircase Level 2 a general store, some fountains Level 3 a potion shop stairs to The Gnomish Mines Level 4 a sink The Gnomish Mines: levels 4 to 8 Level 4 stairs to The Dungeons of Doom Level 5 Level 6 Level 7 some shops, a temple to Ptah, some fountains, a sink Level 8 <- You were here History has recorded: On T:1 you entered the Dungeons of Doom to retrieve the Amulet of Yendor! On T:409 you reached level 2 of The Dungeons of Doom. On T:659 you reached level 3 of The Dungeons of Doom. On T:1127 you reached level 4 of The Dungeons of Doom. On T:1243 you reached level 1 of The Gnomish Mines. On T:1314 you reached level 2 of The Gnomish Mines. On T:1478 you reached level 3 of The Gnomish Mines. On T:1614 you reached level 4 of The Gnomish Mines. On T:2068 you advanced to experience level 2. On T:2238 you reached level 5 of The Gnomish Mines. On T:2888 you advanced to experience level 3. On T:3403 you advanced to experience level 4. Score breakdown: Gold: 287 ( 8366 points) Experience: 4 levels ( 9649 points) Exploration: 8 levels ( 16.33%) (11456 points) Discoveries: 3 items ( 1.05%) ( 3072 points) Valuables value: (no points given unless you survive) Artifact value: 0 ( 0 points) Variety of kills: 35 monsters ( 9.21%) ( 9104 points) Turncount: 4337 turns (-1144 points) Survival: died (score multiplied by 80%) Total score: 32402 Latest messages: The soldier ant turns to flee! (2x) The large cat misses the soldier ant. The gnome throws a dagger! The dagger misses the large cat. The magic missile hits the soldier ant! The soldier ant bites the large cat. The soldier ant stings the large cat. The large cat bites the soldier ant. (2x) The soldier ant is killed! The large cat picks up a dagger. You see here a soldier ant corpse. The large cat picks up a dwarvish mithril-coat. The sleep ray hits the gnome! You miss the gnome. The soldier ant misses. The soldier ant stings! The soldier ant's sting was poisoned! You die... Final status: Goodbye Ban the Wizard, killed by a soldier ant... You died in The Gnomish Mines on dungeon level 8 with 32402 points, and 287 pieces of gold, after 4337 moves. You were level 4 with a maximum of 29 hit points when you died.